 Dungeon Crawl Stone Soup version 0.29.0-13-gc9e81de378 (webtiles) character file.

Game seed: 4874311705561932366

415 Sabo the Sneak (level 6, -9/34 HPs)
             Began as a Deep Elf Air Elementalist on Sept 8, 2022.
             Was a Follower of Ashenzari.
             Engulfed by a steam dragon's steam (12 damage)
             ... on level 4 of the Dungeon.
             The game lasted 00:31:25 (5880 turns).

Sabo the Sneak (Deep Elf Air Elementalist)          Turns: 5880, Time: 00:31:25

Health: -9/34      AC:  8    Str:  5    XL:     6   Next: 60%
Magic:  4/5        EV: 13    Int: 22    God:    Ashenzari [*.....]
Gold:   133        SH:  6    Dex: 15    Spells: 14/15 levels left

rFire   . . .      SeeInvis .   n - +2 whip (antimagic)
rCold   . . .      Faith    .   q - +2 buckler "Oblivion of Ashenzari" {AC+3, Evo, Self} (curse)
rNeg    + . .      Spirit   .   a - +0 robe
rPois   +          Reflect  .   (no helmet)
rElec   .          Harm     .   (no cloak)
rCorr   .          Rampage  .   k - +2 pair of gloves "Lashed Together" {Bglg, Comp} (curse)
Will    .....                   (no boots)
Stlth   +++.......              x - amulet of magic regeneration
HPRegen 0.11/turn               m - ring of poison resistance
MPRegen 0.49/turn               f - ring of positive energy

@: no status effects
A: no striking features
a: Renounce Religion, Shatter the Chains


You were on level 4 of the Dungeon.
You worshipped Ashenzari.
Ashenzari was aware of your devotion.
You visited 1 branch of the dungeon, and saw 4 of its levels.

You collected 133 gold pieces.

Inventory:

Hand Weapons
 l - a +0 rapier
 n - a +2 antimagic whip (weapon)
Missiles
 g - 11 poisoned darts
Armour
 a - a +0 robe (worn)
 k - the cursed +2 pair of gloves "Lashed Together" (worn) {Bglg, Comp}
   (You found it on level 1 of the Dungeon)

   It has a curse which improves the following skills: Beguiling: Conjurations,
   Hexes and Translocations.
   Companions: Summonings and Necromancy.
 q - the cursed +2 buckler "Oblivion of Ashenzari" (worn) {AC+3, Evo, Self}
   (You found it on level 3 of the Dungeon)

   It has a curse which improves the following skills: Evocations: Evocations.
   Introspection: Fighting and Spellcasting.
Jewellery
 f - a ring of positive energy (right hand)
 m - a ring of poison resistance (left hand)
 x - an amulet of magic regeneration (around neck)
Wands
 t - a wand of iceblast (8)
 u - a wand of paralysis (6)
Scrolls
 h - 5 scrolls of fear
 i - a scroll of blinking
 o - a scroll of amnesia
 s - a scroll of magic mapping
 v - a scroll of butterflies
 y - a scroll of enchant weapon
Potions
 b - a potion of magic
 c - 3 potions of curing
 d - 2 potions of mutation
 e - a potion of flight
 j - a potion of resistance
 p - a potion of brilliance
 r - a potion of attraction
 w - a potion of heal wounds


   Skills:
 + Level 1.0(1.5) Fighting
 + Level 1.4 Short Blades
 + Level 1.6 Maces & Flails
 + Level 3.5 Dodging
 + Level 4.4 Stealth
 + Level 0.4 Shields
 + Level 4.2(5.0) Spellcasting
 + Level 2.2(2.9) Conjurations
 + Level 4.4 Air Magic


You had 14 spell levels left.
You knew the following spells:

 Your Spells              Type           Power      Damage    Failure   Level
a - Shock                 Conj/Air       84%        1d8       3%          1

Your spell library contained the following spells:

 Spells                   Type           Power      Damage    Failure   Level
 Static Discharge         Conj/Air       21%        3-6/arc   4%          2
 Swiftness                Air            24%        N/A       7%          3
 Airstrike                Air            12%        2d(2-18)  22%         4
 Flame Wave               Conj/Fire      11%        2d6       58%         4
 Iskenderun's Mystic Bla  Conj/Tloc      12%        2d5       58%         4


Dungeon Overview and Level Annotations

Branches:
Dungeon (4/15)
 Temple: D:4-7

Altars:
Ashenzari
Sif Muna
Vehumet
The Shining One

Annotations:
D:4 Edmund


Message History

You closely miss the steam dragon.
The steam dragon is moderately wounded.
Edmund the Younger comes into view.
He is wielding a +6 antimagic dire flail.
The steam dragon breathes steam at you. The ball of steam misses you.
You hit the steam dragon.
The steam dragon is heavily wounded.
You are engulfed in a cloud of scalding steam.
The steam dragon barely misses you.
The steam dragon claws you but does no damage.
Casting: Shock (safe; 3% risk of failure)
Confirm with . or Enter, or press ? or * to list all spells.
Aiming: Shock (safe; 3% risk of failure)
Press: ? - help, Shift-Dir - straight line, f/p - steam dragon
Aim: a steam dragon (heavily wounded, catching its breath, 74% to hit)
The zap hits the steam dragon.
The steam dragon is heavily wounded.
The zap hits the kobold.
You kill the kobold!
The zap misses Edmund.
You are engulfed in a cloud of scalding steam.
* * * LOW HITPOINT WARNING * * *
Edmund says, "A flail is better than a scythe, any day of the week!"
You block the steam dragon's attack. The steam dragon closely misses you.
Casting: Shock (safe; 3% risk of failure)
Confirm with . or Enter, or press ? or * to list all spells.
Aiming: Shock (safe; 3% risk of failure)
Press: ? - help, Shift-Dir - straight line, f/p - steam dragon
Aim: a steam dragon (heavily wounded, catching its breath, 74% to hit)
The zap hits the steam dragon but does no damage.
The steam dragon is heavily wounded.
The zap hits Edmund.
Edmund is lightly wounded.
You are engulfed in a cloud of scalding steam.
The steam dragon barely misses you. The steam dragon claws you.
* * * LOW HITPOINT WARNING * * *
You barely miss the steam dragon.
The steam dragon is heavily wounded.
You are engulfed in a cloud of scalding steam.
You die...

##############
#..§.§@D.)@...
##.#######....
#.# . #.# #.#
#.# #.# #.#
#.#


You could see Edmund and a steam dragon.

Vanquished Creatures
  2 ogres
  A scorpion (D:4)
  Jessica (D:3)
  Ijyb (D:3)
  4 gnolls (D:4)
  3 adders
  7 bats
  6 endoplasms
  2 giant cockroaches
  5 goblins (D:1)
  7 hobgoblins
  9 jackals
  5 quokkas
  10 ball pythons
  3 frilled lizards
  7 kobolds
  11 rats
84 creatures vanquished.

Vanquished Creatures (others)
  3 plants (D:4)
3 creatures vanquished.

Grand Total: 87 creatures vanquished

Notes
Turn   | Place    | Note
-------+----------+-------------------------------------------
     0 | D:1      | Sabo the Deep Elf Air Elementalist began the quest for the
                  | Orb.
     0 | D:1      | Reached XP level 1. HP: 10/10 MP: 6/6
   240 | D:1      | Found a faded altar of an unknown god.
   343 | D:1      | Reached XP level 2. HP: 15/15 MP: 2/8
   414 | D:1      | Prayed at the altar of an unknown god.
   414 | D:1      | Became a worshipper of Ashenzari the Shackled
  1021 | D:1      | Got the Papyrus of the Barrage
  1285 | D:1      | Reached XP level 3. HP: 15/19 MP: 5/9
  3073 | D:2      | Reached XP level 4. HP: 24/24 MP: 11/11
  3550 | D:3      | Noticed an ogre
  3973 | D:3      | Killed an ogre
  3974 | D:3      | Reached skill level 1 in Short Blades
  3974 | D:3      | Reached XP level 5. HP: 28/28 MP: 0/12
  4194 | D:3      | Noticed Jessica
  4199 | D:3      | Killed Jessica
  4209 | D:3      | Found a shimmering blue altar of Sif Muna.
  4427 | D:3      | Noticed Ijyb
  4427 | D:3      | Paralysed by Ijyb for 2 turns
  4434 | D:3      | Paralysed by Ijyb for 3 turns
  4442 | D:3      | Paralysed by Ijyb for 2 turns
  4448 | D:3      | Killed Ijyb
  4530 | D:3      | Found a broken altar of Ashenzari.
  4785 | D:4      | Reached skill level 1 in Maces & Flails
  4792 | D:4      | Reached XP level 6. HP: 4/33 MP: 1/13
  5056 | D:4      | Reached * piety under Ashenzari
  5562 | D:4      | Found a radiant altar of Vehumet.
  5670 | D:4      | Reached skill level 1 in Fighting
  5726 | D:4      | Found a glowing golden altar of the Shining One.
  5861 | D:4      | Noticed a steam dragon
  5876 | D:4      | Noticed Edmund
  5880 | D:4      | Engulfed by a steam dragon's steam

Illustrated notes

Levels and vault maps discovered:
D:1:      dpeg_cavernosity, layout_basic, hellmonk_ecumenical_altar_blasted
D:2:      layout_loops_ring, kennysheep_another_room, grunt_ministairs_3,
          minmay_crystal_room
D:3:      layout_loops_ring, tgw_sif, marbit_many_paths, uniq_jessica, uniq_ijyb
D:4:      layout_basic, lemuel_round_altar, nicolae_vehumet_altar_sigil,
          tso_oasis_becter, uniq_edmund

Skill      XL: |  1  2  3  4  5  6 |
---------------+-------------------+-----
Dodging        | 3 |  3.5
Stealth        | 3 4 |  4.4
Short Blades   | 1 |  1.4
Air Magic      | 4 |  4.4
Conjurations   | 2 |  2.2
Maces & Flails | 1 |  1.6
Spellcasting   | 4 |  4.2
Fighting       | 1 |  1.0
Shields        | |  0.4

Action                   |  1- 3 |  4- 6 || total
-------------------------+-------+-------++-------
Melee: Dagger            |     4 |       ||     4
       Short sword       |    40 |       ||    40
       Rapier            |    13 |     2 ||    15
       Whip              |       |    83 ||    83
 Cast: Shock             |    55 |    53 ||   108
Invok: Curse Item        |       |     2 ||     2
  Use: Scroll            |     7 |       ||     7
 Stab: Sleeping          |     3 |     2 ||     5
       Distracted        |     1 |       ||     1
Armor: Robe              |    14 |    20 ||    34
Dodge: Dodged            |    49 |    40 ||    89
Block: Buckler           |       |    25 ||    25
